 Dungeon Crawl Stone Soup version 0.26-a0-663-g36e8fdb655 (webtiles) character file.

Game seed: 8779986303700557128

8 Froggeryz the Grasshopper (level 2, -1/12 HPs)
             Began as a Felid Wanderer on Oct 12, 2020.
             Slain by Terence
             ... wielding a +0 short sword
              (6 damage)
             ... on level 2 of the Dungeon.
             The game lasted 00:01:10 (994 turns).

Froggeryz the Grasshopper (Felid Wanderer)           Turns: 994, Time: 00:01:10

Health: -1/12      AC:  1    Str: 13    XL:     2   Next: 0%
Magic:  4/4        EV: 15    Int: 13    God:
Gold:   81         SH:  0    Dex: 16    Spells: 2/3 levels left
                                        Lives:  0   Deaths: 0

rFire    . . .     SeeInvis +   (weapon unavailable)
rCold    . . .     Faith    .   (shield unavailable)
rNeg     . . .     Spirit   .   (armour unavailable)
rPois    .         Reflect  .   (helmet unavailable)
rElec    .         Harm     .   (cloak unavailable)
rCorr    .         Rampage  .   (gloves unavailable)
MR       .....                  (boots unavailable)
Stlth    +++.......             (no amulet)
HPRegen  0.04/turn              c - +6 ring of strength
MPRegen  0.09/turn              (no ring)

@: quick
A: very small, no armour, no weapons or thrown items, stealth, claws 1, fangs 3,
see invisible, speed 1, shaggy fur 1, sharp paws
a: no special abilities


You were on level 2 of the Dungeon.
You visited 1 branch of the dungeon, and saw 2 of its levels.

You collected 81 gold pieces.

Inventory:

Jewellery
 c - a +6 ring of strength (left paw)
Scrolls
 a - a scroll of immolation {unknown}
 d - a scroll of fear {unknown}
 f - 2 scrolls of identify {unknown}
 h - a scroll of teleportation {unknown}
Potions
 b - 3 potions of curing
 e - a potion of brilliance {unknown}
 g - a potion of mutation {unknown}
 i - a potion of invisibility {unknown}


   Skills:
 + Level 0.4 Fighting
 * Level 2.2 Stealth
 * Level 0.9 Unarmed Combat
 - Level 1.0 Spellcasting
   Level 3.0 Translocations
   Level 1.7 Fire Magic
   Level 1.0 Air Magic
 - Level 1.7 Poison Magic
   Level 1.1 Evocations


You had 2 spell levels left.
You knew the following spells:

 Your Spells              Type           Power        Failure   Level
a - Sting                 Tmut/Pois      #...         21%         1

Your spell library contained the following spells:

 Spells                   Type           Power        Failure   Level
 Blink                    Tloc           N/A          12%         2
 Gell's Gravitas          Tloc           #.........   24%         3
 Lesser Beckoning         Tloc           #.........   24%         3
 Teleport Other           Tloc           #.......     24%         3
 Ignite Poison            Fire/Tmut/Pois #.......     45%         3
 Passage of Golubria      Tloc           N/A          63%         4


Dungeon Overview and Level Annotations

Branches:
Dungeon (2/15)

Altars:

Annotations:
D:2 Terence


Innate Abilities, Weirdness & Mutations

You cannot wear armour.
You are incapable of wielding weapons or throwing items.
Your paws allow you to move quietly. (Stealth)
You have sharp claws.
You have razor-sharp teeth.
You have supernaturally acute eyesight. (SInv)
You cover ground quickly.
You are covered in fur. (AC +1)
Your sharp claws are effective at attacking unaware monsters.


Message History

Terence closely misses you.
You closely miss Terence. You bite Terence, but do no damage.
Terence is lightly wounded.
Terence misses you.
You scratch Terence.
Terence is moderately wounded.
You scratch Terence but do no damage.
Terence is moderately wounded.
Terence closely misses you.
You scratch Terence. You bite Terence, but do no damage.
Terence is moderately wounded.
Terence misses you.
You barely miss Terence.
Terence is moderately wounded.
Terence hits you with a +0 short sword.
You scratch Terence.
Terence is moderately wounded.
Terence hits you with a +0 short sword.
Ouch! That really hurt!
You die...

..............#..#.#
....##...........#
#..............#.#
..(..##†##.......#.#
#<.#. #.####...$...#
#. # #.# #...##### .
..# #...# #.# #...#
##. #..@#
#.....@...#
#....[....#
#.........#
#.###...##.# .#
#...# .. #...# ##
#...#


You could see Terence.

Vanquished Creatures
  A ball python (D:1)
  A hobgoblin (D:1)
  A kobold (D:1)
  4 bats
  A rat (D:2)
8 creatures vanquished.

Notes
Turn   | Place    | Note
-------+----------+-------------------------------------------
     0 | D:1      | Froggeryz the Felid Wanderer began the quest for the Orb.
     0 | D:1      | Froggeryz set off with the following items: a potion of
                  | curing; and the following spell memorised: Sting; and the
                  | following spells available to memorise: Blink, Gell's
                  | Gravitas, Lesser Beckoning, Teleport Other, Ignite Poison,
                  | Passage of Golubria
     0 | D:1      | Reached XP level 1. HP: 7/7 MP: 3/3
   961 | D:2      | Reached XP level 2. HP: 12/12 MP: 4/4
   973 | D:2      | Noticed Terence
   994 | D:2      | Slain by Terence

Illustrated notes

Levels and vault maps discovered:
D:1:      lightli_arrival_statue_moat, layout_basic
D:2:      layout_loops_cross, uniq_terence, uniq_crazy_yiuf_cottage

Skill      XL: |  1 |
---------------+----+-----
Stealth        | 2 |  2.2
Fighting       | |  0.4
Unarmed Combat | |  0.9
Spellcasting   | |  1.0
Translocations | |  3.0
Fire Magic     | |  1.7
Air Magic      | |  1.0
Poison Magic   | |  1.7
Evocations     | |  1.1

Action                   || total
-------------------------++-------
Melee: Unarmed           ||    44
       Bite              ||     5
 Stab: Sleeping          ||     4
Armor: Skin              ||     7
Dodge: Dodged            ||    47

Table legend: (Time is in decaauts)
 A = Elapsed time spent in this place.
 B = Non-inter-level travel time spent in this place.
 C = Inter-level travel time spent in this place.
 D = Time resting spent in this place.
 E = Time spent auto-exploring this place.
 F = Levels seen in this place.
 G = Mean time per level.
                   A        B        C        D        E       F      G
               +--------+--------+--------+--------+--------+-----+--------+
         Total |    872 |    861 |     11 |    287 |    472 |   2 |  436.0 |
       Dungeon |    872 |    861 |     11 |    287 |    472 |   2 |  436.0 |
               +--------+--------+--------+--------+--------+-----+--------+

Top non-repeatable levels by time:
     D:1: 835 daAuts
     D:2: 37 daAuts
